| TOP OF THE 1ST |
|
Binghamton Mets batting - Pitching for Atlanta (MID) Braves : RHP Iestyn Nicholls
|
|
Pitching: RHP Iestyn Nicholls
|
|
|
Batting: RHB Enrique Aguirre
|
0-0: Foul Ball, location: 2F 0-1: Ball 1-1: Fly out, F8 (Flyball, 8LM, EV 90.0 MPH)
|
|
Batting: SHB Tyler Maddux
|
0-0: Ball 1-0: Ball 2-0: SINGLE (Groundball, 34S, EV 67.5 MPH) (infield hit)
|
|
Batting: RHB Sam Callahan
|
0-0: Called Strike 0-1: Called Strike 0-2: Foul Ball, location: 2F 0-2: Ball 1-2: Fly out, F6 (Popup, 6, EV 56.2 MPH)
|
|
Batting: SHB Keith Casner
|
0-0: Called Strike 0-1: Fly out, F7 (Flyball, 78M, EV 90.0 MPH)
|
| Top of the 1st over - 0 runs, 1 hit, 0 errors, 1 left on base; Binghamton 0 - Atlanta (MID) 0 |
| BOTTOM OF THE 1ST |
|
Atlanta (MID) Braves batting - Pitching for Binghamton Mets : RHP Jean-Pierre Carpentier
|
|
Pitching: RHP Jean-Pierre Carpentier
|
|
|
Batting: LHB Eric Jackson
|
0-0: Ball 1-0: Ball 2-0: Called Strike 2-1: Ground out 4-3 (Groundball, 34D, EV 102.5 MPH)
|
|
Batting: RHB Chris Trites
|
0-0: Ground out 4-3 (Groundball, 4, EV 84.4 MPH)
|
|
Batting: SHB Brett McEwen
|
0-0: Ball 1-0: SINGLE (Line Drive, 56D, EV 96.2 MPH)
|
|
Batting: LHB Tamaichi Sasada
|
0-0: Fly out, F8 (Flyball, 8LXD, EV 92.5 MPH)
|
| Bottom of the 1st over - 0 runs, 1 hit, 0 errors, 1 left on base; Binghamton 0 - Atlanta (MID) 0 |
| TOP OF THE 2ND |
|
Binghamton Mets batting - Pitching for Atlanta (MID) Braves : RHP Iestyn Nicholls
|
|
Batting: RHB Jake Geib
|
0-0: Foul Ball, location: 2F 0-1: Ball 1-1: Foul Ball, location: 2F 1-2: Strikes out looking
|
|
Batting: RHB Gang-sheng Chew
|
0-0: Ball 1-0: Foul Ball, location: 2F 1-1: Ball 2-1: Ball 3-1: Swinging Strike 3-2: Strikes out swinging
|
|
Batting: SHB Chris Keziah
|
0-0: Called Strike 0-1: Fly out, F8 (Line Drive, 8LM, EV 96.9 MPH)
|
| Top of the 2nd over - 0 runs, 0 hits, 0 errors, 0 left on base; Binghamton 0 - Atlanta (MID) 0 |
| BOTTOM OF THE 2ND |
|
Atlanta (MID) Braves batting - Pitching for Binghamton Mets : RHP Jean-Pierre Carpentier
|
|
Batting: LHB Ricardo Sandoval
|
0-0: Called Strike 0-1: Foul Ball, location: 2F 0-2: SINGLE (Groundball, 6D, EV 103.8 MPH)
|
|
Batting: RHB Costantino Dolfini
|
0-0: Called Strike Ricardo Sandoval steals 2nd base 0-1: Foul Ball, location: 2F 0-2: Ball 1-2: Ball 2-2: Ball 3-2: Reached on error, E6 (Groundball, 6, EV 106.9 MPH) Ricardo Sandoval scores
|
|
Batting: RHB Nick Holsinger
|
0-0: Ball 1-0: Called Strike 1-1: SINGLE (Line Drive, 34, EV 103.1 MPH) Costantino Dolfini to third
|
|
Batting: LHB Andres Aldape
|
0-0: Foul Ball, location: 2F 0-1: Foul Ball, location: 2F 0-2: Foul Ball, location: 2F 0-2: Ball 1-2: Ball 2-2: Ball 3-2: Grounds into double play, 4-6-3 (Groundball, 4, EV 84.4 MPH) Costantino Dolfini scores
|
|
Batting: RHB Alex Campos
|
0-0: Called Strike 0-1: Swinging Strike 0-2: Strikes out swinging
|
| Bottom of the 2nd over - 2 runs, 2 hits, 1 error, 0 left on base; Binghamton 0 - Atlanta (MID) 2 |
| TOP OF THE 3RD |
|
Binghamton Mets batting - Pitching for Atlanta (MID) Braves : RHP Iestyn Nicholls
|
|
Batting: RHB Roberto Delgado
|
0-0: Swinging Strike 0-1: Swinging Strike 0-2: Strikes out swinging, 2-3 out at first.
|
|
Batting: RHB Reginald McDougall
|
0-0: Fly out, F8 (Flyball, 78M, EV 94.4 MPH)
|
|
Batting: RHB Enrique Aguirre
|
0-0: Ball 1-0: Called Strike 1-1: SINGLE (Groundball, 4MD, EV 104.4 MPH) (infield hit)
|
|
Batting: SHB Tyler Maddux
|
0-0: Called Strike 0-1: Fly out, F9 (Flyball, 9S, EV 71.2 MPH)
|
| Top of the 3rd over - 0 runs, 1 hit, 0 errors, 1 left on base; Binghamton 0 - Atlanta (MID) 2 |
| BOTTOM OF THE 3RD |
|
Atlanta (MID) Braves batting - Pitching for Binghamton Mets : RHP Jean-Pierre Carpentier
|
|
Batting: LHB Eric Jackson
|
0-0: Swinging Strike 0-1: Called Strike 0-2: Ball 1-2: Strikes out swinging
|
|
Batting: RHB Chris Trites
|
0-0: Swinging Strike 0-1: Called Strike 0-2: Strikes out swinging
|
|
Batting: SHB Brett McEwen
|
0-0: Ball 1-0: Foul Ball, location: 2F 1-1: Ball 2-1: Foul Ball, location: 2F 2-2: Foul Ball, location: 2F 2-2: Ball 3-2: Foul Ball, location: 2F 3-2: Fly out, F5 (Popup, 15, EV 72.5 MPH)
|
| Bottom of the 3rd over - 0 runs, 0 hits, 0 errors, 0 left on base; Binghamton 0 - Atlanta (MID) 2 |
| TOP OF THE 4TH |
|
Binghamton Mets batting - Pitching for Atlanta (MID) Braves : RHP Iestyn Nicholls
|
|
Batting: RHB Sam Callahan
|
0-0: Called Strike 0-1: Called Strike 0-2: Strikes out swinging
|
|
Batting: SHB Keith Casner
|
0-0: Called Strike 0-1: Swinging Strike 0-2: Strikes out swinging
|
|
Batting: RHB Jake Geib
|
0-0: Called Strike 0-1: Ball 1-1: Ball 2-1: Swinging Strike 2-2: Strikes out swinging
|
| Top of the 4th over - 0 runs, 0 hits, 0 errors, 0 left on base; Binghamton 0 - Atlanta (MID) 2 |
| BOTTOM OF THE 4TH |
|
Atlanta (MID) Braves batting - Pitching for Binghamton Mets : RHP Jean-Pierre Carpentier
|
|
Batting: LHB Tamaichi Sasada
|
0-0: Ground out U3 (Groundball, 3, EV 89.4 MPH)
|
|
Batting: LHB Ricardo Sandoval
|
0-0: Called Strike 0-1: Foul Ball, location: 2F 0-2: Ball 1-2: Foul Ball, location: 2F 1-2: Ground out 4-3 (Groundball, 4, EV 105.0 MPH)
|
|
Batting: RHB Costantino Dolfini
|
0-0: Ball 1-0: Ball 2-0: Foul Ball, location: 2F 2-1: Foul Ball, location: 2F 2-2: Foul Ball, location: 2F 2-2: Ball 3-2: Foul Ball, location: 2F 3-2: Strikes out swinging
|
| Bottom of the 4th over - 0 runs, 0 hits, 0 errors, 0 left on base; Binghamton 0 - Atlanta (MID) 2 |
| TOP OF THE 5TH |
|
Binghamton Mets batting - Pitching for Atlanta (MID) Braves : RHP Iestyn Nicholls
|
|
Batting: RHB Gang-sheng Chew
|
0-0: Ball 1-0: Foul Ball, location: 2F 1-1: Swinging Strike 1-2: Foul Ball, location: 2F 1-2: Foul Ball, location: 2F 1-2: Ground out 5-3 (Groundball, 5, EV 105.6 MPH)
|
|
Batting: SHB Chris Keziah
|
0-0: Swinging Strike 0-1: Ball 1-1: Ball 2-1: Swinging Strike 2-2: Ball 3-2: Strikes out swinging
|
|
Batting: RHB Roberto Delgado
|
0-0: Ball 1-0: Called Strike 1-1: Swinging Strike 1-2: Ball 2-2: Foul Ball, location: 2F 2-2: Strikes out swinging
|
| Top of the 5th over - 0 runs, 0 hits, 0 errors, 0 left on base; Binghamton 0 - Atlanta (MID) 2 |
| BOTTOM OF THE 5TH |
|
Atlanta (MID) Braves batting - Pitching for Binghamton Mets : RHP Jean-Pierre Carpentier
|
|
Batting: RHB Nick Holsinger
|
0-0: Fly out, F3 (Line Drive, 3, EV 63.1 MPH)
|
|
Batting: LHB Andres Aldape
|
0-0: Ball 1-0: DOUBLE (Groundball, 5L, EV 98.1 MPH)
|
|
Batting: RHB Alex Campos
|
0-0: Called Strike 0-1: Ball 1-1: Foul Ball, location: 2F 1-2: Ball 2-2: 2-RUN HOME RUN (Flyball, 7D, EV 98.1 MPH), Distance : 375 ft
|
|
Batting: LHB Eric Jackson
|
0-0: Ball 1-0: Ball 2-0: SINGLE (Groundball, 34, EV 98.8 MPH)
|
|
Batting: RHB Chris Trites
|
0-0: Called Strike Eric Jackson steals 2nd base 0-1: SINGLE (Flyball, 5D, EV 93.8 MPH) Eric Jackson to third
|
|
Batting: SHB Brett McEwen
|
0-0: Called Strike 0-1: Ball 1-1: Ball Chris Trites is caught stealing 2nd base 2-6 2-1: 2-RUN HOME RUN (Flyball, 89XD, EV 98.8 MPH), Distance : 387 ft
|
|
Pitching: RHP Eddie Carrasco
|
|
|
Batting: LHB Tamaichi Sasada
|
0-0: Ball 1-0: Ball 2-0: Swinging Strike 2-1: Swinging Strike 2-2: Strikes out looking
|
| Bottom of the 5th over - 4 runs, 5 hits, 0 errors, 0 left on base; Binghamton 0 - Atlanta (MID) 6 |
| TOP OF THE 6TH |
|
Binghamton Mets batting - Pitching for Atlanta (MID) Braves : RHP Iestyn Nicholls
|
|
Batting: RHB Reginald McDougall
|
0-0: Ball 1-0: Swinging Strike 1-1: Ball 2-1: Ball 3-1: Foul Ball, location: 2F 3-2: Strikes out swinging
|
|
Batting: RHB Enrique Aguirre
|
0-0: Foul Ball, location: 2F 0-1: Ball 1-1: Foul Ball, location: 2F 1-2: Fly out, F7 (Flyball, 7, EV 91.9 MPH)
|
|
Batting: SHB Tyler Maddux
|
0-0: Ball 1-0: Foul Ball, location: 2F 1-1: Ball 2-1: TRIPLE (Groundball, 5L, EV 105.0 MPH)
|
|
Batting: RHB Sam Callahan
|
0-0: Ball 1-0: Fly out, F9 (Flyball, 9S, EV 91.2 MPH)
|
| Top of the 6th over - 0 runs, 1 hit, 0 errors, 1 left on base; Binghamton 0 - Atlanta (MID) 6 |
| BOTTOM OF THE 6TH |
|
Atlanta (MID) Braves batting - Pitching for Binghamton Mets : RHP Eddie Carrasco
|
|
Batting: LHB Ricardo Sandoval
|
0-0: Ball 1-0: Called Strike 1-1: Fly out, F7 (Line Drive, 78M, EV 102.5 MPH)
|
|
Batting: RHB Costantino Dolfini
|
0-0: Ball 1-0: Swinging Strike 1-1: Ball 2-1: Fly out, F7 (Flyball, 7D, EV 98.8 MPH)
|
|
Batting: RHB Nick Holsinger
|
0-0: Ball 1-0: Called Strike 1-1: Ball 2-1: Ball 3-1: Base on Balls
|
|
Batting: LHB Andres Aldape
|
0-0: Ball Nick Holsinger steals 2nd base 1-0: Ground out 3-1 (Groundball, 34S, EV 81.2 MPH)
|
| Bottom of the 6th over - 0 runs, 0 hits, 0 errors, 1 left on base; Binghamton 0 - Atlanta (MID) 6 |
| TOP OF THE 7TH |
|
Binghamton Mets batting - Pitching for Atlanta (MID) Braves : RHP Iestyn Nicholls
|
|
Batting: SHB Keith Casner
|
0-0: Ball 1-0: Ball 2-0: Called Strike 2-1: Foul Ball, location: 2F 2-2: Ball 3-2: Foul Ball, location: 2F 3-2: Fly out, F9 (Flyball, 9D, EV 93.1 MPH)
|
|
Pitching: RHP Dan Spahn
|
|
|
Batting: RHB Jake Geib
|
0-0: Called Strike 0-1: Fly out, F8 (Flyball, 78D, EV 101.2 MPH)
|
|
Batting: RHB Gang-sheng Chew
|
0-0: Called Strike 0-1: Foul Ball, location: 2F 0-2: Ball 1-2: Foul Ball, location: 2F 1-2: Ball 2-2: Foul Ball, location: 2F 2-2: Ground out 5-3 (Groundball, 56, EV 81.9 MPH)
|
| Top of the 7th over - 0 runs, 0 hits, 0 errors, 0 left on base; Binghamton 0 - Atlanta (MID) 6 |
| BOTTOM OF THE 7TH |
|
Atlanta (MID) Braves batting - Pitching for Binghamton Mets : RHP Eddie Carrasco
|
|
Batting: RHB Alex Campos
|
0-0: Ball 1-0: Called Strike 1-1: Ball 2-1: Ball 3-1: Fly out, F8 (Flyball, 8RS, EV 82.5 MPH)
|
|
Batting: LHB Eric Jackson
|
0-0: Fly out, F8 (Flyball, 8RD, EV 89.4 MPH)
|
|
Batting: RHB Chris Trites
|
0-0: SINGLE (Line Drive, 8LS, EV 107.5 MPH)
|
|
Batting: SHB Brett McEwen
|
0-0: Ball Chris Trites is caught stealing 2nd base 2-6
|
| Bottom of the 7th over - 0 runs, 1 hit, 0 errors, 0 left on base; Binghamton 0 - Atlanta (MID) 6 |
| TOP OF THE 8TH |
|
Binghamton Mets batting - Pitching for Atlanta (MID) Braves : RHP Dan Spahn
|
|
Batting: SHB Chris Keziah
|
0-0: Called Strike 0-1: Swinging Strike 0-2: Ground out 6-3 (Groundball, 6, EV 86.9 MPH)
|
|
Batting: RHB Roberto Delgado
|
0-0: Ball 1-0: Ground out 5-3 (Groundball, 5L, EV 84.4 MPH)
|
|
Batting: RHB Reginald McDougall
|
0-0: Ball 1-0: Ball 2-0: Ground out 4-3 (Groundball, 4, EV 93.1 MPH)
|
| Top of the 8th over - 0 runs, 0 hits, 0 errors, 0 left on base; Binghamton 0 - Atlanta (MID) 6 |
| BOTTOM OF THE 8TH |
|
Atlanta (MID) Braves batting - Pitching for Binghamton Mets : RHP Eddie Carrasco
|
|
Batting: SHB Brett McEwen
|
0-0: Ball 1-0: Ball 2-0: Called Strike 2-1: Fly out, F9 (Flyball, 89S, EV 91.2 MPH)
|
|
Batting: LHB Tamaichi Sasada
|
0-0: Called Strike 0-1: Ball 1-1: Ball 2-1: Ball 3-1: Base on Balls
|
|
Pitching: RHP Rome Corona
|
|
|
Batting: LHB Ricardo Sandoval
|
0-0: Ball 1-0: Ball 2-0: Ball 3-0: Called Strike 3-1: Base on Balls Tamaichi Sasada to second
|
|
Batting: RHB Costantino Dolfini
|
0-0: Called Strike 0-1: SINGLE (Line Drive, 7LS, EV 98.8 MPH) Tamaichi Sasada to third Ricardo Sandoval to second
|
|
Batting: RHB Nick Holsinger
|
0-0: Called Strike 0-1: Swinging Strike 0-2: Ball 1-2: Foul Ball, location: 2F 1-2: Strikes out swinging
|
|
Batting: LHB Andres Aldape
|
0-0: Ball 1-0: Ball 2-0: Called Strike 2-1: Ball 3-1: Ground out 4-3 (Groundball, 34D, EV 82.5 MPH)
|
| Bottom of the 8th over - 0 runs, 1 hit, 0 errors, 3 left on base; Binghamton 0 - Atlanta (MID) 6 |
| TOP OF THE 9TH |
|
Binghamton Mets batting - Pitching for Atlanta (MID) Braves : RHP Dan Spahn
|
|
Batting: RHB Enrique Aguirre
|
0-0: Swinging Strike 0-1: Called Strike 0-2: Strikes out swinging
|
|
Batting: SHB Tyler Maddux
|
0-0: Ball 1-0: Ball 2-0: Swinging Strike 2-1: Swinging Strike 2-2: Ball 3-2: Ground out 3-1 (Groundball, 34S, EV 83.1 MPH)
|
|
Batting: RHB Sam Callahan
|
0-0: Ball 1-0: Ball 2-0: Fly out, F9 (Flyball, 89S, EV 88.8 MPH)
|
| Top of the 9th over - 0 runs, 0 hits, 0 errors, 0 left on base; Binghamton 0 - Atlanta (MID) 6 |
|